 Dungeon Crawl Stone Soup version 0.19.5 (webtiles) character file.

184 Kosschaser the Sneak (level 5, -3/27 HPs)
             Began as a Vine Stalker Assassin on Mar 2, 2017.
             Slain by Sigmund
             ... wielding a +0 scythe
              (9 damage)
             ... on level 3 of the Dungeon.
             The game lasted 00:04:24 (1758 turns).

Kosschaser the Sneak (Vine Stalker Assassin)        Turns: 1758, Time: 00:04:24

Health: -3/27      AC:  4    Str: 14    XL:     5   Next: 63%
Magic:  0/6        EV: 12    Int: 11    God:
Gold:   137        SH:  0    Dex: 16    Spells: 0 memorised, 4 levels left

rFire  . . .     SeeInvis .     a - +2 dagger
rCold  . . .     Gourm    .     c - +0 robe
rNeg   . . .     Faith    .     (no shield)
rPois  .         Spirit   +     s - +0 helmet
rElec  .         Reflect  .     d - +0 cloak
rCorr  .         Harm     .     (no gloves)
MR     .....                    (no boots)
Stlth  ++++......               (no amulet)
                                (no ring)
                                (no ring)

@: no status effects
A: fangs 2, regeneration 1, magic shield, antimagic bite, no device heal 3, rot
immunity
a: no special abilities


You were on level 3 of the Dungeon.
You were not hungry.

You visited 1 branch of the dungeon, and saw 3 of its levels.

You collected 137 gold pieces.

Inventory:

Hand Weapons
 a - a +2 dagger (weapon)
 b - a +0 blowgun
Missiles
 e - 5 poisoned needles
 f - 2 curare-tipped needles
Armour
 c - a +0 robe (worn)
 d - a +0 cloak (worn)
 s - a +0 helmet (worn)
Scrolls
 h - 2 scrolls of teleportation {unknown}
 i - 4 scrolls of identify {unknown}
 l - a scroll of blinking {unknown}
 m - 2 scrolls of noise {unknown}
 o - a scroll of remove curse {unknown}
 u - 2 scrolls of enchant weapon {unknown}
Potions
 j - a potion of curing {unknown}
 n - a potion of brilliance {unknown}
 p - a potion of might {unknown}
 r - 2 potions of ambrosia {unknown}
 t - a potion of agility {unknown}
 v - a potion of heal wounds {unknown}
 x - a potion of magic {unknown}
Comestibles
 g - 2 bread rations
 k - a meat ration
 q - a royal jelly


   Skills:
 + Level 2.5 Fighting
 + Level 2.8 Short Blades
 + Level 2.0 Throwing
 + Level 1.2 Dodging
 * Level 6.9 Stealth


You had 4 spell levels left.
You didn't know any spells.

Dungeon Overview and Level Annotations

Branches:
Dungeon (3/15)

Altars:
Gozag
The Shining One

Annotations:
D:3 Sigmund


Innate Abilities, Weirdness & Mutations

You have extremely sharp teeth.
Your natural rate of healing is unusually fast.
When hurt, damage is shared between your health and your magic reserves.
Your bite disrupts and absorbs the magic of your enemies.
Potions and wands cannot restore your health.
You are immune to rotting.


Message History

Deactivating autopickup; reactivate with Ctrl-A.
You hit something. You bite something. You drain its magic. Something hits you.
You barely miss something. You bite something. You drain its magic.
You feel invigorated.
You hit something but do no damage. Something hits you.
You miss something. Your bite misses something.
You hit something but do no damage. You bite something. You drain its magic.
You hit something but do no damage. You bite something. You drain its magic.
You barely miss something. Something hits you.
You closely miss something. You bite something. You drain its magic.
You feel invigorated.
You hit something but do no damage. You hit something.
You barely miss something. You bite something. Something hits you!
You hit something. Your bite misses something. You barely miss something.
Something hits you!
* * * LOW HITPOINT WARNING * * *
You barely miss something. Your bite misses something. You miss something.
Your bite misses something. Something hits you!
You die...

#......## ..#...######.
##....%... ...........).
#........# ######.####.
#........# ###.## #.
#........# #....# ##
#.......(# #....#
#........########....####
#........................
#......(@########....####
#.#......{.######.#######
######......>.................
#...##.#.###....######......##
#รท..........................#
#...##.#.###.########.......#
#...##...# ### ######..######
#........#### #.......#######
#....#......####.####.#.......


There were no monsters in sight!

Vanquished Creatures
  Ijyb (D:3)
  5 gnolls
  5 adders
  2 oozes
  A worm (D:3)
  A dart slug (D:1)
  4 leopard geckos
  A bat (D:1)
  3 giant cockroaches
  4 goblins
  6 hobgoblins
  5 jackals
  3 frilled lizards
  5 kobolds
  10 rats
56 creatures vanquished.

Notes
Turn   | Place    | Note
-------+----------+-------------------------------------------
     0 | D:1      | Kosschaser the Vine Stalker Assassin began the quest for the Orb.
     0 | D:1      | Reached XP level 1. HP: 11/11 MP: 2/2
    13 | D:1      | Reached skill level 5 in Stealth
    13 | D:1      | Reached XP level 2. HP: 15/15 MP: 3/3
   195 | D:1      | Reached XP level 3. HP: 18/18 MP: 4/4
   704 | D:2      | Reached skill level 6 in Stealth
   741 | D:2      | Gained mutation: Your natural rate of healing is unusually fast. [Vine Stalker growth]
   741 | D:2      | Reached XP level 4. HP: 7/23 MP: 2/5
   889 | D:2      | Found an opulent altar of Gozag.
  1305 | D:3      | Noticed Ijyb
  1307 | D:3      | Killed Ijyb
  1414 | D:3      | Reached XP level 5. HP: 25/26 MP: 6/6
  1441 | D:3      | Found a glowing golden altar of the Shining One.
  1463 | D:3      | Reached skill level 1 in Dodging
  1590 | D:3      | Noticed Sigmund
  1758 | D:3      | Slain by Sigmund

Skill      XL: |  1  2  3  4  5 |
---------------+----------------+-----
Stealth        | 5 6 |  6.9
Fighting       | 2 |  2.5
Short Blades   | 2 |  2.8
Dodging        | 1 |  1.2
Throwing       | 2 |  2.0

Action                   |  1- 3 |  4- 6 || total
-------------------------+-------+-------++-------
Melee: Dagger            |    50 |    88 ||   138
       Bite              |     9 |    24 ||    33
 Fire: Blowgun           |       |    10 ||    10
 Stab: Sleeping          |    10 |     8 ||    18
  Eat: Chunk             |       |     3 ||     3
Armor: Robe              |     6 |    23 ||    29
Dodge: Dodged            |    17 |    32 ||    49
